 Dungeon Crawl Stone Soup version 0.19.1 (webtiles) character file.

6 Pavvs the Grasshopper (level 1, -27/17 (18) HPs)
             Began as a Ghoul Warper on Nov 28, 2016.
             Killed from afar by a kobold (28 damage)
             ... with an exploding inner flame
             ... hexed by the player character
             ... on level 2 of the Dungeon.
             The game lasted 00:02:48 (197 turns).

Pavvs the Grasshopper (Ghoul Warper)                 Turns: 197, Time: 00:02:49

HP:   -27/17 (18)   AC:  3    Str: 14    XL:     1   Next: 90%
MP:   2/2           EV: 11    Int:  8    God:
Gold: 6             SH:  0    Dex:  8    Spells: 0 memorised, 3 levels left

rFire  . . .     SeeInvis .     a - +0 falchion
rCold  + . .     Gourm    .     b - +0 leather armour
rNeg   + + +     Faith    .     (no shield)
rPois  ∞         Spirit   .     (no helmet)
rElec  .         Reflect  .     (no cloak)
rCorr  .         Harm     .     (no gloves)
MR     .....                    (no boots)
Stlth  +.........               (no amulet)
                                (no ring)
                                (no ring)

@: rotting
A: rotting body, claws 1, carnivore 3, cold resistance 1, negative energy
resistance 3, slow regeneration 1, torment resistance, unbreathing
a: no special abilities


You were on level 2 of the Dungeon.
You were not hungry.

You visited 1 branch of the dungeon, and saw 2 of its levels.

You collected 6 gold pieces.

Inventory:

Hand Weapons
 a - a +0 falchion (weapon)
 i - a +0 club
Missiles
 e - 5 tomahawks of dispersal (quivered)
Armour
 b - a +0 leather armour (worn)
 g - a +0 robe
Scrolls
 d - a scroll of blinking
Potions
 h - a potion of beneficial mutation {unknown}
 k - a potion of berserk rage {unknown}
Books
 c - a book of Spatial Translocations

   Spells                             Type                      Level
   a - Blink                          Translocation                2
   b - Shroud of Golubria             Charms/Translocation         2
   c - Lesser Beckoning               Translocation                3
   d - Portal Projectile              Translocation                3
   e - Teleport Other                 Translocation                3
   f - Passage of Golubria            Translocation                4
Comestibles
 f - a meat ration


   Skills:
 + Level 2.5 Fighting
 + Level 1.7 Long Blades
 + Level 1.1 Throwing
 + Level 1.0 Armour
 + Level 1.9 Dodging
 + Level 1.7 Spellcasting
   Level 2.6 Translocations


You had 3 spell levels left.
You didn't know any spells.

Dungeon Overview and Level Annotations

Branches:
Dungeon (2/15)

Altars:


Innate Abilities, Weirdness & Mutations

Your body is rotting away.
You thrive on raw meat.
You are immune to poison.
You have sharp fingernails.
You are carnivorous and can eat meat at any time.
Your flesh is cold resistant. (rC+)
You are immune to negative energy. (rN+++)
You regenerate slowly when monsters are visible.
You are immune to unholy pain and torment.
You can survive without breathing.


Message History

You hear a lullaby played backwards.
It was a scroll of random uselessness.
You closely miss the kobold. The kobold hits you but does no damage.
You barely miss the kobold. The kobold barely misses you.
You riposte.
You barely miss the kobold. The kobold hits you but does no damage.
You hit the kobold.
The kobold is heavily wounded.
The kobold closely misses you.
You closely miss the kobold.
The kobold is heavily wounded.
The kobold hits you with a short sword.
You closely miss the kobold.
The kobold is heavily wounded.
The kobold hits you with a short sword.
* * * LOW HITPOINT WARNING * * *
You hit the kobold.
The kobold explodes!
The fiery explosion engulfs you!
Ouch! That really hurt!
You die...

#.#########
#...§§@..#
#..#.####.# #.
... #.# #.#. #.#
#.#.####.########
# #.............#
######.######.#
#.# #.# ..# #.#


There were no monsters in sight!

Vanquished Creatures
  2 hobgoblins
  A kobold (D:1)
  A bat (D:1)
  2 rats (D:1)
6 creatures vanquished.

Notes
Turn   | Place    | Note
-------+----------+-------------------------------------------
     0 | D:1      | Pavvs the Ghoul Warper began the quest for the Orb.
     0 | D:1      | Reached XP level 1. HP: 17/17 MP: 2/2
    18 | D:1      | Reached skill level 1 in Throwing
   183 | D:2      | Reached skill level 1 in Armour
   197 | D:2      | Killed from afar by a kobold

Skill      XL: |  1 |
---------------+----+-----
Throwing       | 1 |  1.1
Armour         | 1 |  1.0
Fighting       | |  2.5
Long Blades    | |  1.7
Dodging        | |  1.9
Spellcasting   | |  1.7
Translocations | |  2.6

Action                   || total
-------------------------++-------
Melee: Falchion          ||    26
  Use: Scroll            ||     2
Armor: Leather armour    ||     5
Dodge: Dodged            ||    13
       Rpst.: Falchion   ||     5
